 Dungeon Crawl Stone Soup version 0.25.1-2-g60ff931df9 (webtiles) character file.

Game seed: 5415787833464694612

4810 pokeman the Thaumaturge (level 10, -3/53 HPs)
             Began as a Deep Elf Wizard on Oct 10, 2020.
             Was a Believer of Vehumet.
             Slain by a manticore (18 damage)
             ... on level 7 of the Dungeon.
             The game lasted 00:35:20 (10052 turns).

pokeman the Thaumaturge (Deep Elf Wizard)          Turns: 10052, Time: 00:35:21

Health: -3/53      AC: 13    Str:  4    XL:     10   Next: 24%
Magic:  11/28      EV: 12    Int: 27    God:    Vehumet [**....]
Gold:   361        SH:  5    Dex: 13    Spells: 21/33 levels left

rFire    . . .     SeeInvis .   A - +2 whip (elec)
rCold    . . .     Gourm    .   (no shield)
rNeg     . . .     Faith    .   y - +1 leather armour {rPois}
rPois    +         Spirit   .   s - +2 helmet
rElec    .         Reflect  +   D - +2 cloak
rCorr    .         Harm     .   (no gloves)
MR       +....                  t - +2 pair of boots
Stlth    ++........             z - amulet of reflection
HPRegen  0.17/turn              (no ring)
MPRegen  0.21/turn              (no ring)

@: no status effects
A: no striking features
a: Renounce Religion


You were on level 7 of the Dungeon.
You worshipped Vehumet.
Vehumet was pleased with you.
You were not hungry.

You visited 2 branches of the dungeon, and saw 8 of its levels.
You also visited: Bailey.

You collected 481 gold pieces.
You spent 120 gold pieces at shops.

Inventory:

Hand Weapons
 A - a +2 whip of electrocution (weapon)
Armour
 i - a +0 buckler
 j - a +2 leather armour of fire resistance
 s - a +2 helmet (worn)
 t - a +2 pair of boots (worn)
 y - a +1 leather armour of poison resistance (worn)
 D - a +2 cloak (worn)
 E - the +9 ring mail of Pyzoary {Dex+4, unknown}
   (You found it on level 6 of the Dungeon)

   It affects your dexterity (+4).
 G - +0 steam dragon scales
Magical Staves
 C - an uncursed staff of death
Jewellery
 z - an amulet of reflection (around neck)
Wands
 u - a wand of flame (15)
 v - a wand of acid (15)
 F - a wand of iceblast (8)
Scrolls
 a - a scroll of fear
 c - 12 scrolls of identify
 e - a scroll of amnesia
 k - a scroll of random uselessness
 l - 6 scrolls of enchant armour
 m - 5 scrolls of teleportation
 n - 2 scrolls of immolation
 q - 5 scrolls of enchant weapon {unknown}
 x - 2 scrolls of blinking {unknown}
 B - 3 scrolls of remove curse
Potions
 b - 3 potions of lignification {unknown}
 f - 2 potions of brilliance {unknown}
 g - 2 potions of mutation {unknown}
 h - 8 potions of curing
 o - 2 potions of haste {unknown}
 p - 4 potions of heal wounds {unknown}
 r - a potion of magic {unknown}
 w - 3 potions of might
Comestibles
 d - 9 rations
 H - 2 chunks of flesh


   Skills:
 - Level 2.0 Fighting
 + Level 2.5 Armour
 - Level 3.1 Dodging
 - Level 3.0 Stealth
 - Level 3.0 Shields
 * Level 12.0 Spellcasting
 * Level 9.5 Conjurations
 - Level 1.1 Summonings
 - Level 1.1 Translocations
 + Level 6.0 Fire Magic
 - Level 1.0 Air Magic
 - Level 1.0 Poison Magic
 - Level 1.0 Evocations


You had 21 spell levels left.
You knew the following spells:

 Your Spells              Type           Power        Failure   Level  Hunger
a - Magic Dart            Conj           ####         1%          1    None
b - Mephitic Cloud        Conj/Pois/Air  #####...     3%          3    None
c - Call Imp              Summ           ###.....     6%          2    None
d - Blink                 Tloc           N/A          6%          2    None
e - Conjure Flame         Conj/Fire      ######..     1%          3    None
f - Shock                 Conj/Air       ####         1%          1    None

Your spell library contained the following spells:

 Spells                   Type           Power        Failure   Level  Hunger
 Searing Ray              Conj           ######       1%          2    None
 Slow                     Hex            ###.....     9%          2    None


Dungeon Overview and Level Annotations

Branches:
Dungeon (7/15)             Temple (1/1) D:5          Bailey (visited)

Altars:
Elyvilon
Fedhas
Gozag
Hepliaklqana
Kikubaaqudgha
Qazlal
Ru
Sif Muna
Vehumet
Xom
Yredelemnul
The Shining One

Shops:
D:5 [?%=


Message History

Casting: Shock (safe; 1% risk of failure)
Confirm with . or Enter, or press ? or * to list all spells.
Aiming: Mephitic Cloud (dangerous; 3% risk of failure)
Press: ? - help, Shift-Dir - straight line, f - manticore
Aim: a manticore The ball explodes into a vile cloud!
The stinking cloud engulfs the manticore but does no damage.
The manticore is engulfed in noxious fumes.
The manticore appears confused.
You catch the helpless manticore completely off-guard!
You hit the manticore but do no damage. The manticore bites you!
The manticore claws you.
* * * LOW HITPOINT WARNING * * *
The manticore claws you but does no damage.
Unknown command.
Casting: Mephitic Cloud (dangerous; 3% risk of failure)
Confirm with . or Enter, or press ? or * to list all spells.
A beastly little devil appears in a puff of flame.
The manticore bites you!!
You die...

******* **,,**,**
########,**,,#,*
#...@Hâ—‹#,***.#,*
###.####5###*#.,**
#########...#
#.#*u#.**,*
###.^.....#..[#
#.#,#.#**,*
.......##.#...#
#.###.####*
.......##.###.#
#H##.....#
.......##.###.##
#........#
.............>.#
#.########
.##.##.######..#
#.#


You could see a manticore (confused) and a friendly crimson imp (summoned).

Vanquished Creatures
  Pikel (D:6)
  3 orc knights (Bailey)
  An ugly thing (D:7)
  Maggie (D:6)
  Grinder (D:5)
  A hornet (D:7)
  8 orc warriors (Bailey)
  A sky beast (D:5)
  4 slaves (D:6)
  An ogre (D:6)
  Blork the orc (D:5)
  2 bullfrogs
  A scorpion (D:4)
  4 killer bees (D:7)
  2 howler monkeys
  3 hounds
  Crazy Yiuf (D:5)
  A jelly (D:5)
  3 orc wizards
  7 worker ants
  Natasha (thrice) (D:2)
  12 gnolls
  3 adders
  2 shadow imps (D:7)
  An ooze (D:6)
  5 worms
  3 dart slugs
  2 leopard geckos
  47 orcs
  13 bats
  10 giant cockroaches
  14 goblins
  12 hobgoblins
  6 jackals
  3 quokkas
  2 ball pythons
  4 frilled lizards
  A giant cockroach zombie (D:5)
  9 kobolds
  4 rats
203 creatures vanquished.

Vanquished Creatures (collateral kills)
  Ijyb (D:4)
  A worker ant (D:5)
  An adder (D:6)
3 creatures vanquished.

Vanquished Creatures (others)
  A leopard gecko (D:4)
  A quokka (D:4)
2 creatures vanquished.

Grand Total: 208 creatures vanquished

Notes
Turn   | Place    | Note
-------+----------+-------------------------------------------
     0 | D:1      | pokeman the Deep Elf Wizard began the quest for the Orb.
     0 | D:1      | Reached XP level 1. HP: 10/10 MP: 7/7
   216 | D:1      | Reached XP level 2. HP: 15/15 MP: 5/9
   662 | D:1      | Reached skill level 5 in Spellcasting
   863 | D:1      | Reached XP level 3. HP: 20/20 MP: 5/11
   868 | D:1      | Learned a level 3 spell: Mephitic Cloud
   871 | D:1      | Learned a level 2 spell: Call Imp
   874 | D:1      | Learned a level 2 spell: Blink
   878 | D:1      | Learned a level 3 spell: Conjure Flame
  1813 | D:2      | Reached skill level 1 in Fighting
  2056 | D:2      | Reached skill level 1 in Armour
  2059 | D:2      | Reached XP level 4. HP: 16/25 MP: 1/13
  2768 | D:2      | Noticed Natasha
  2773 | D:2      | Killed Natasha
  2773 | D:2      | Reached skill level 1 in Fire Magic
  3241 | D:2      | Noticed Natasha
  3247 | D:2      | Killed Natasha
  3247 | D:2      | Reached XP level 5. HP: 29/29 MP: 8/15
  3495 | D:2      | Noticed Natasha
  3500 | D:2      | Killed Natasha
  3500 | D:2      | Reached skill level 1 in Shields
  3500 | D:2      | Reached skill level 6 in Spellcasting
  4345 | D:3      | Reached skill level 1 in Air Magic
  4728 | D:4      | Noticed Ijyb
  4741 | D:4      | Killed Ijyb
  4741 | D:4      | Reached XP level 6. HP: 34/34 MP: 5/17
  4773 | D:3      | Reached skill level 1 in Poison Magic
  5589 | D:4      | Found a stormy altar of Qazlal.
  5681 | D:4      | Reached skill level 7 in Spellcasting
  5894 | D:4      | Reached XP level 7. HP: 38/38 MP: 15/19
  6143 | D:4      | Reached skill level 1 in Evocations
  6282 | D:5      | Entered Level 5 of the Dungeon
  6379 | D:5      | Noticed Blork the orc
  6388 | D:5      | Killed Blork the orc
  6388 | D:5      | Reached skill level 5 in Conjurations
  6487 | D:5      | Found Penais's Jewellery Shop.
  6513 | D:5      | Found a shimmering altar of Xom.
  6517 | D:5      | Noticed Grinder
  6531 | D:5      | Paralysed by Grinder for 7 turns
  6818 | D:5      | Found Edgheale's Magic Scroll Emporium.
  6844 | D:5      | Paralysed by Grinder for 2 turns
  6857 | D:5      | Killed Grinder
  6857 | D:5      | Reached skill level 8 in Spellcasting
  6857 | D:5      | Reached XP level 8. HP: 44/44 MP: 6/22
  7074 | D:5      | Found Goticy's Armour Boutique.
  7102 | D:5      | Bought a scroll of remove curse for 45 gold pieces
  7102 | D:5      | Bought a scroll of teleportation for 45 gold pieces
  7102 | D:5      | Bought a scroll of identify for 30 gold pieces
  7182 | D:5      | Found a staircase to the Ecumenical Temple.
  7193 | Temple   | Entered the Ecumenical Temple
  7201 | Temple   | Became a worshipper of Vehumet
  7221 | D:5      | Found Jonwotue's Food Shop.
  7394 | D:5      | Found a runed translucent door.
  7395 | D:5      | Noticed Crazy Yiuf
  7420 | D:5      | Killed Crazy Yiuf
  7920 | D:6      | Got an ichor-stained ring mail
  8046 | D:6      | Noticed Maggie
  8088 | D:6      | Killed Maggie
  8088 | D:6      | Reached skill level 9 in Spellcasting
  8496 | D:6      | Noticed Pikel
  8535 | D:6      | Killed Pikel
  8535 | D:6      | Reached XP level 9. HP: 48/48 MP: 5/24
  8717 | D:6      | Reached skill level 10 in Spellcasting
  8931 | D:7      | Found a flagged portal.
  8948 | Bailey   | Entered a bailey
  8985 | Bailey   | Reached * piety under Vehumet
  8985 | Bailey   | Offered knowledge of Shock by Vehumet.
  8992 | Bailey   | Learned a level 1 spell: Shock
  9212 | Bailey   | Noticed an orc knight
  9252 | Bailey   | Killed an orc knight
  9252 | Bailey   | Reached skill level 5 in Fire Magic
  9349 | Bailey   | Noticed an orc knight
  9364 | Bailey   | Killed an orc knight
  9364 | Bailey   | Reached skill level 11 in Spellcasting
  9529 | Bailey   | Noticed an orc knight
  9566 | Bailey   | Killed an orc knight
  9572 | Bailey   | Reached XP level 10. HP: 53/53 MP: 9/27
  9837 | D:7      | Reached ** piety under Vehumet
  9837 | D:7      | Offered knowledge of Searing Ray by Vehumet.
 10003 | D:7      | Noticed a white ugly thing
 10028 | D:7      | Killed a white ugly thing
 10028 | D:7      | Reached skill level 12 in Spellcasting
 10044 | D:7      | Noticed a manticore
 10052 | D:7      | Slain by a manticore

Illustrated notes

Levels and vault maps discovered:
D:1:      heliophobic_arrival_henge, layout_basic, minmay_small_reverse_x
D:2:      layout_loops_cross, first_ration, minmay_3d_cube, uniq_natasha
D:3:      layout_rooms, serial_rivers, chequers_serial_rivers_large_a,
          chequers_serial_rivers_micro_a, chequers_serial_rivers_marsh,
          chequers_serial_rivers_room_b, chequers_serial_rivers_room_b,
          chequers_serial_rivers_room_a
D:4:      layout_cave_pools, grunt_qazlal_clouds, uniq_ijyb
D:5:      layout_rooms, minmay_temple_entry_junction, basic_altar, serial_shops,
          nicolae_shop_window_shopping, nicolae_shop_statue_plus,
          nicolae_shop_window_shopping, shop, uniq_grinder,
          uniq_crazy_yiuf_cottage, uniq_blork_the_orc
D:6:      layout_basic, uniq_maggie, uniq_pikel
D:7:      minmay_cornered_nines, layout_basic, enter_bailey_3
Temple:   grunt_wide_crystal_templ

Skill      XL: |  1  2  3  4  5  6  7  8  9 10 |
---------------+-------------------------------+-----
Spellcasting   | 5 6 7 8 9 11 12 | 12.0
Conjurations   | 2 3 4 5 7 9 |  9.5
Fighting       | 1 2 |  2.0
Armour         | 1 2 |  2.5
Fire Magic     | 1 3 4 5 6 |  6.0
Shields        | 1 3 |  3.0
Air Magic      | 1 |  1.0
Poison Magic   | 1 |  1.0
Evocations     | 1 |  1.0
Dodging        | 3 |  3.1
Stealth        | 3 |  3.0
Summonings     | |  1.1
Translocations | |  1.1

Action                   |  1- 3 |  4- 6 |  7- 9 | 10-12 || total
-------------------------+-------+-------+-------+-------++-------
Melee: Unarmed           |    14 |       |       |       ||    14
       Whip              |       |    10 |    47 |    28 ||    85
 Cast: Magic Dart        |   125 |   206 |   143 |    12 ||   486
       Conjure Flame     |     2 |     1 |    24 |     4 ||    31
       Mephitic Cloud    |     1 |    10 |    26 |    10 ||    47
       Call Imp          |       |       |     6 |     3 ||     9
       Shock             |       |       |    13 |     1 ||    14
       Blink             |       |       |     2 |     1 ||     3
  Use: Scroll            |       |       |     6 |       ||     6
 Stab: Confused          |     2 |     1 |     5 |     4 ||    12
  Eat: Chunk             |     3 |    12 |    11 |     2 ||    28
Armor: Robe              |     2 |       |       |       ||     2
       Leather armour    |     3 |    32 |    30 |     7 ||    72
Dodge: Dodged            |    12 |    52 |    36 |    13 ||   113
Block: Other             |       |       |    17 |     5 ||    22
       Reflection        |       |       |     1 |       ||     1
